 Dungeon Crawl Stone Soup version 0.28-a0-265-g048bc9fd10 (webtiles) character file.

Game seed: 10406943371125032629

182 zazu2006 the Magician (level 5, 0/42 HPs)
             Began as a Naga Hedge Wizard on Aug 27, 2021.
             Slain by a rat (2 damage)
             ... in a sewer.
             The game lasted 00:07:24 (2979 turns).

zazu2006 the Magician (Naga Hedge Wizard)           Turns: 2979, Time: 00:07:25

Health: 0/42       AC:  2    Str: 12    XL:     5   Next: 61%
Magic:  12/12      EV: 10    Int: 16    God:
Gold:   89         SH:  0    Dex: 10    Spells: 12/13 levels left

rFire   . . .      SeeInvis +   m - +0 long sword
rCold   . . .      Faith    .   (no shield)
rNeg    . . .      Spirit   .   b - +0 robe
rPois   +          Reflect  .   c - +0 hat
rElec   .          Harm     .   (no cloak)
rCorr   .          Rampage  .   (no gloves)
Will    .....                   (no barding)
Stlth   ++........              (no amulet)
HPRegen 0.14/turn               (no ring)
MPRegen 0.13/turn               (no ring)

@: mighty, hasted, quick
A: AC +1, large, see invisible, deformed body, poison resistance, slowness 2,
spit poison 1, naga tail 1
a: Spit Poison


You were in a sewer.
You visited 1 branch of the dungeon, and saw 3 of its levels.
You also visited: Sewer.

You collected 89 gold pieces.

Inventory:

Hand Weapons
 j - a +0 dagger of protection
 m - a +0 long sword (weapon)
Armour
 b - a +0 robe (worn)
 c - a +0 hat (worn)
 d - a scarf of shadows
Scrolls
 e - a scroll of enchant weapon {unknown}
 h - a scroll of teleportation
 i - a scroll of fear {unknown}
 k - 2 scrolls of amnesia {unknown}
 l - a scroll of acquirement {unknown}
Potions
 a - a potion of might
 g - a potion of magic


   Skills:
 + Level 0.2 Fighting
 + Level 0.5 Long Blades
 + Level 2.2 Dodging
 + Level 3.9 Stealth
 + Level 4.7 Spellcasting
 + Level 1.9 Conjurations
 + Level 1.0 Summonings
 + Level 1.0 Translocations


You had 12 spell levels left.
You knew the following spells:

 Your Spells              Type           Power      Damage    Failure   Level
a - Magic Dart            Conj           40%        1d5       7%          1

Your spell library contained the following spells:

 Spells                   Type           Power      Damage    Failure   Level
 Blink                    Tloc           N/A        N/A       16%         2
 Call Imp                 Summ           7%         N/A       16%         2
 Slow                     Hex            3%         N/A       24%         2
 Conjure Flame            Conj/Fire      7%         6-21      30%         3
 Mephitic Cloud           Conj/Pois/Air  5%         N/A       34%         3
 Cause Fear               Hex            1%         N/A       83%         4
 Dragon Form              Tmut           1%         N/A       100%        7
 Dragon's Call            Summ           3%         N/A       100%        9


Dungeon Overview and Level Annotations

Branches:
Dungeon (3/15)              Sewer (1/1)

Altars:

Shops:
D:1 *[!*=   D:3 *


Innate Abilities, Weirdness & Mutations

Your serpentine skin is tough. (AC +1)
You have supernaturally acute eyesight. (SInv)
Armour fits poorly on your strangely shaped body.
Your system is resistant to poisons. (rPois)
You cover ground very slowly.
You can spit poison.
You have a snake-like lower body.


Message History

* * * LOW HITPOINT WARNING * * *
The rat closely misses you.
Casting: Magic Dart (safe; 7% risk of failure)
Confirm with . or Enter, or press ? or * to list all spells.
Aiming: Magic Dart (safe; 7% risk of failure)
Press: ? - help, Shift-Dir - straight line, f/p - river rat
Aim: a river rat (moderately wounded, poisoned, 100% to hit)
The magic dart hits the river rat.
The river rat is heavily wounded.
The rat bites you.
* * * LOW HITPOINT WARNING * * *
The river rat bites you.
* * * LOW HITPOINT WARNING * * *
The rat bites you.
* * * LOW HITPOINT WARNING * * *
Unknown command.
It was a potion of magic.
Magic courses through your body. The rat closely misses you.
The river rat misses you. The rat closely misses you.
Casting: Magic Dart (safe; 7% risk of failure)
Confirm with . or Enter, or press ? or * to list all spells.
You don't know that spell.
It was a potion of curing.
You feel better. The rat closely misses you. The river rat bites you!
* * * LOW HITPOINT WARNING * * *
The rat barely misses you.
It was a potion of might.
You feel very mighty all of a sudden. The rat barely misses you.
The river rat bites you.
* * * LOW HITPOINT WARNING * * *
The rat closely misses you.
It was a potion of haste.
You feel yourself speed up.
You kill the river rat!
The rat barely misses you. The rat closely misses you.
Unknown command.
You closely miss the rat. The rat closely misses you.
You barely miss the rat.
You have got your breath back.
The rat misses you. The rat bites you.
You die...

..≈≈≈≈≈≈≈....##
.#≈≈≈≈≈≈≈....#
#≈≈≈≈≈≈≈....##
≈≈≈≈≈≈≈≈.....#
≈≈≈≈≈≈≈.....#
≈≈≈≈≈≈≈...##
≈≈≈≈≈≈....#
≈#≈####r### #≈#
#..@r.# ≈#
#.....# ##...##
#.....# #..#..#
#######
≈≈≈≈≈≈≈≈≈
≈≈≈≈≈≈≈≈≈≈≈≈
##############


You could see 2 rats.

Vanquished Creatures
  An orc wizard (D:2)
  5 adders
  4 river rats
  A worm (D:2)
  A dart slug (D:1)
  8 orcs
  2 endoplasms
  4 giant cockroaches
  5 goblins
  A hobgoblin (D:3)
  7 quokkas
  5 ball pythons
  3 bats
  7 kobolds
  14 rats
68 creatures vanquished.

Vanquished Creatures (others)
  2 minotaurs (D:1)
  A draconian (D:1)
  A vine stalker (D:1)
  2 djinn (D:1)
  An elf (D:1)
  A vampire (D:1)
  An ogre (D:1)
  3 tengu (D:1)
  A felid (D:1)
  An orc (D:1)
  A kobold (D:1)
  7 tentacles (D:1)
22 creatures vanquished.

Grand Total: 90 creatures vanquished

Notes
Turn   | Place    | Note
-------+----------+-------------------------------------------
     0 | D:1      | zazu2006 the Naga Hedge Wizard began the quest for the Orb.
     0 | D:1      | Reached XP level 1. HP: 15/15 MP: 4/4
     3 | D:1      | Killed a tengu
     3 | D:1      | Killed a minotaur
     4 | D:1      | Killed a vampire
     6 | D:1      | Killed a tengu
     6 | D:1      | Killed a tengu
     8 | D:1      | Noticed a draconian
     8 | D:1      | Noticed a djinni
     8 | D:1      | Noticed a minotaur
     8 | D:1      | Noticed a kraken
     8 | D:1      | Noticed a vine stalker
     8 | D:1      | Noticed an elf
     8 | D:1      | Noticed a djinni
     8 | D:1      | Noticed a felid
     8 | D:1      | Noticed an ogre
     8 | D:1      | Killed a draconian
     9 | D:1      | Killed a djinni
     9 | D:1      | Killed a vine stalker
    10 | D:1      | Killed a djinni
    10 | D:1      | Killed a felid
    11 | D:1      | Killed a minotaur
    11 | D:1      | Killed an elf
    13 | D:1      | Killed an ogre
    45 | D:1      | Found Zuutze's Armour Emporium.
   359 | D:1      | Reached XP level 2. HP: 22/22 MP: 1/6
   442 | D:1      | Found Ypiyc's Distillery.
   491 | D:1      | Found Koguruix's Assorted Antiques.
   677 | D:1      | Found Sacidghutei's General Store.
   929 | D:1      | Found Avaasili's Jewellery Shoppe.
  1086 | D:2      | Reached skill level 4 in Spellcasting
  1086 | D:2      | Reached XP level 3. HP: 21/28 MP: 0/8
  1520 | D:2      | Reached XP level 4. HP: 36/36 MP: 5/10
  2125 | D:3      | Found Amoeliry's Assorted Antiques.
  2171 | D:3      | Found a faded altar of an unknown god.
  2210 | D:3      | Found a glowing drain.
  2217 | D:3      | Reached XP level 5. HP: 24/42 MP: 5/11
  2257 | Sewer    | Entered a sewer
  2975 | Sewer    | HP: 2/42 [river rat (8)]
  2979 | Sewer    | Slain by a rat

Illustrated notes

Levels and vault maps discovered:
D:1:      nicolae_arrival_kraken_aquarium_b, layout_basic, serial_shops,
          nicolae_square_shop, shop_statue, shop, shop_fountains,
          nicolae_diamond_shop, hangedman_decor_growths
D:2:      layout_basic
D:3:      minmay_general_purpose_star, layout_rooms, portal_sewer_entry_a,
          shapermc_ecumenical_altar_notcrosses, serial_shops,
          nicolae_square_shop
Sewer:    sewer_minmay_treatment

Skill      XL: |  1  2  3  4 |
---------------+-------------+-----
Spellcasting   | 4 |  4.7
Dodging        | 2 |  2.2
Fighting       | |  0.2
Long Blades    | |  0.5
Stealth        | |  3.9
Conjurations   | |  1.9
Summonings     | |  1.0
Translocations | |  1.0

Action                   |  1- 3 |  4- 6 || total
-------------------------+-------+-------++-------
Melee: Dagger            |    11 |    17 ||    28
       Long sword        |       |    20 ||    20
 Cast: Magic Dart        |    58 |    86 ||   144
 Abil: Spit Poison       |    11 |    15 ||    26
  Use: Scroll            |       |     2 ||     2
       Potion            |       |     4 ||     4
Armor: Robe              |     2 |    22 ||    24
Dodge: Dodged            |    12 |    69 ||    81

Table legend: (Time is in decaauts)
 A = Elapsed time spent in this place.
 B = Non-inter-level travel time spent in this place.
 C = Inter-level travel time spent in this place.
 D = Time resting spent in this place.
 E = Time spent auto-exploring this place.
 F = Levels seen in this place.
 G = Mean time per level.
                   A        B        C        D        E       F      G
               +--------+--------+--------+--------+--------+-----+--------+
         Total |   3579 |   3508 |     71 |    179 |   2558 |   4 |  894.8 |
       Dungeon |   2798 |   2727 |     71 |      0 |   2087 |   3 |  932.7 |
         Sewer |    781 |    781 |      0 |    179 |    471 |   1 |  781.0 |
               +--------+--------+--------+--------+--------+-----+--------+

Top non-repeatable levels by time:
     D:1: 1274 daAuts
     D:2: 1081 daAuts
   Sewer: 781 daAuts
     D:3: 442 daAuts
